[ AOE2 MATCH · #506801001 ]
UnrankedBulgarians vs Huns
Rival team · LOSS
[ REPLAY ANALYSIS · EXTRACTED FROM THE RECORDED GAME ]
Feudal
9:40
Castle
23:20
Imperial
—
| APM avg | 44.2 |
| APM peak | 82 |
| eAPM avg | 21.3 |
| Villagers / military | 46 / 27 |
Focus
⚔️ 29.4% · 🌾 70.6%
Militia ×12 · Skirmisher ×12 · Knight ×3
Feudal
9:06
Castle
—
Imperial
—
| APM avg | 45.3 |
| APM peak | 74 |
| eAPM avg | 20.6 |
| Villagers / military | 46 / 18 |
Focus
⚔️ 29.8% · 🌾 70.2%
Archer ×12 · Militia ×3 · Skirmisher ×2 · Spearman ×1
Match map
Initial resources + every placement click. Lines = walls · curves = elevation contours. ◆ gold · ⬟ stone · ● berries · ✦ relic · ◌ wall gap
Your base· ✓ Closed at 23:20 · 50t walls · 1 gate(s)
baoquanghuy1605's base· Open — unwalled flank
Smoothed initial terrain · ◌ = detected wall gap · hover for details
Inputs per minute
— (***AlBy_Bkr***) - - baoquanghuy1605
Build order — (***AlBy_Bkr***)
145 actions detected in the replay
| 0:00 | Queue | Villager (Male) |
| 0:01 | Queue | Villager (Male) |
| 0:01 | Queue | Villager (Male) |
| 0:01 | Queue | Villager (Male) |
| 0:02 | Build | House |
| 0:03 | Build | House |
| 1:22 | Queue | Villager (Male) |
| 1:56 | Queue | Villager (Male) |
| 1:57 | Queue | Villager (Male) |
| 2:21 | Queue | Villager (Male) |
| 2:21 | Queue | Villager (Male) |
| 2:21 | Queue | Villager (Male) |
| 2:43 | Build | Lumber Camp |
| 2:48 | Queue | Villager (Male) |
| 2:48 | Queue | Villager (Male) |
| 3:01 | Build | House |
| 3:05 | Build | House |
| 3:12 | Queue | Villager (Male) |
| 3:12 | Queue | Villager (Male) |
| 3:37 | Queue | Villager (Male) |
| 3:37 | Queue | Villager (Male) |
| 3:38 | Queue | Villager (Male) |
| 4:13 | Queue | Villager (Male) |
| 5:19 | Queue | Villager (Male) |
| 5:43 | Queue | Villager (Male) |
| 6:07 | Build | Barracks |
| 6:14 | Queue | Villager (Male) |
| 6:14 | Queue | Villager (Male) |
| 6:17 | Research | Loom |
| 6:58 | Build | Mining Camp |
| 7:01 | Build | Palisade Wall |
| 7:28 | Research | Feudal Age |
| 7:28 | Research | Feudal Age |
| 7:28 | Research | Feudal Age |
| 7:32 | Queue | Militia |
| 7:42 | Queue | Militia |
| 8:00 | Build | House |
| 8:09 | Queue | Militia |
| 8:20 | Queue | Militia |
| 8:26 | Build | Palisade Wall |
| 8:35 | Queue | Villager (Male) |
| 9:20 | Queue | Militia |
| 9:23 | Queue | Villager (Male) |
| 9:27 | Build | Mill |
| 9:40 | Age | Feudal Age |
| 9:42 | Queue | Villager (Male) |
| 10:05 | Build | Blacksmith |
| 10:08 | Build | Farm |
| 10:09 | Build | Farm |
| 10:10 | Build | Farm |
| 10:45 | Queue | Militia |
| 11:12 | Queue | Villager (Male) |
| 11:13 | Build | Farm |
| 11:15 | Build | House |
| 11:24 | Research | Scale Mail Armor |
| 11:24 | Research | Scale Mail Armor |
| 11:37 | Queue | Villager (Male) |
| 11:39 | Build | Farm |
| 11:41 | Build | Farm |
| 11:56 | Queue | Villager (Male) |
| 11:59 | Build | Archery Range |
| 12:09 | Queue | Villager (Male) |
| 12:14 | Build | Palisade Wall |
| 12:16 | Build | House |
| 12:38 | Research | Fletching |
| 12:39 | Queue | Villager (Male) |
| 12:43 | Build | Palisade Wall |
| 12:52 | Queue | Skirmisher |
| 12:59 | Build | House |
| 13:02 | Queue | Skirmisher |
| 13:04 | Research | Padded Archer Armor |
| 13:04 | Research | Padded Archer Armor |
| 13:09 | Build | Palisade Wall |
| 13:26 | Queue | Skirmisher |
| 13:38 | Queue | Skirmisher |
| 13:55 | Queue | Skirmisher |
| 13:58 | Queue | Villager (Male) |
| 13:58 | Queue | Villager (Male) |
| 14:20 | Queue | Skirmisher |
| 14:29 | Queue | Villager (Male) |
| 14:33 | Build | Palisade Wall |
| 14:40 | Queue | Skirmisher |
| 14:55 | Queue | Villager (Male) |
| 14:56 | Build | Farm |
| 14:58 | Build | Farm |
| 14:59 | Build | Farm |
| 15:03 | Build | House |
| 15:17 | Queue | Villager (Male) |
| 15:21 | Build | Farm |
| 15:48 | Queue | Skirmisher |
| 15:52 | Research | Arson |
| 15:52 | Research | Arson |
| 15:53 | Queue | Villager (Male) |
| 15:55 | Build | Farm |
| 16:13 | Queue | Skirmisher |
| 16:24 | Queue | Villager (Male) |
| 16:24 | Queue | Villager (Male) |
| 16:27 | Build | Farm |
| 16:28 | Build | Farm |
| 16:35 | Build | Palisade Wall |
| 16:46 | Build | Palisade Wall |
| 17:34 | Queue | Villager (Male) |
| 17:36 | Build | Lumber Camp |
| 17:44 | Build | Palisade Gate |
| 17:45 | Build | Palisade Wall |
| 18:05 | Queue | Villager (Male) |
| 18:06 | Queue | Villager (Male) |
| 18:10 | Build | Mill |
| 19:00 | Research | Wheelbarrow |
| 19:00 | Research | Wheelbarrow |
| 19:23 | Queue | Villager (Male) |
| 19:24 | Build | Farm |
| 19:25 | Build | Farm |
| 20:21 | Build | Market |
| 20:40 | Research | Castle Age |
| 20:40 | Research | Castle Age |
| 20:59 | Research | Double-Bit Axe |
| 20:59 | Research | Double-Bit Axe |
| 21:02 | Queue | Militia |
| 21:15 | Build | House |
| 21:28 | Queue | Militia |
| 21:28 | Queue | Militia |
| 21:29 | Queue | Skirmisher |
| 21:30 | Queue | Skirmisher |
| 21:42 | Queue | Militia |
| 21:55 | Build | House |
| 21:58 | Queue | Skirmisher |
| 21:59 | Queue | Militia |
| 21:59 | Queue | Militia |
| 22:03 | Queue | Villager (Male) |
| 22:17 | Build | Stable |
| 22:33 | Research | Scale Barding Armor |
| 22:35 | Queue | Villager (Male) |
| 23:20 | Age | Castle Age |
| 23:22 | Build | Krepost |
| 23:30 | Queue | Knight ×3 |
| 23:34 | Research | Chain Barding Armor |
| 23:34 | Queue | Villager (Male) |
| 23:41 | Build | House |
| 23:56 | Queue | Villager (Male) |
| 24:02 | Build | Stone Wall |
| 24:02 | Build | Stone Wall |
| 24:16 | Research | Bodkin Arrow |
| 24:16 | Research | Bodkin Arrow |
| 24:33 | Build | Mining Camp |
Build order — baoquanghuy1605
124 actions detected in the replay
| 0:01 | Queue | Villager (Male) |
| 0:01 | Queue | Villager (Male) |
| 0:01 | Queue | Villager (Male) |
| 0:02 | Queue | Villager (Male) |
| 1:18 | Queue | Villager (Male) |
| 1:18 | Queue | Villager (Male) |
| 1:46 | Queue | Villager (Male) |
| 2:14 | Build | Lumber Camp |
| 2:25 | Queue | Villager (Male) |
| 2:32 | Queue | Villager (Male) |
| 3:25 | Queue | Villager (Male) |
| 3:40 | Queue | Villager (Male) |
| 3:41 | Queue | Villager (Male) |
| 3:53 | Queue | Villager (Male) |
| 4:48 | Build | Mill |
| 5:01 | Queue | Villager (Male) |
| 5:28 | Queue | Villager (Male) |
| 5:45 | Queue | Villager (Male) |
| 5:58 | Research | Loom |
| 6:56 | Research | Feudal Age |
| 6:56 | Research | Feudal Age |
| 7:34 | Build | Barracks |
| 8:33 | Build | Mining Camp |
| 8:56 | Build | Palisade Wall |
| 8:58 | Queue | Militia |
| 9:06 | Age | Feudal Age |
| 9:18 | Queue | Militia |
| 9:27 | Queue | Villager (Male) |
| 9:31 | Build | Archery Range |
| 9:36 | Queue | Militia |
| 9:37 | Queue | Spearman |
| 9:55 | Build | Palisade Wall |
| 10:01 | Build | Palisade Wall |
| 10:07 | Queue | Villager (Male) |
| 10:31 | Queue | Villager (Male) |
| 10:53 | Queue | Villager (Male) |
| 11:10 | Queue | Archer |
| 11:15 | Build | Palisade Wall |
| 11:19 | Build | Palisade Wall |
| 11:21 | Build | Palisade Wall |
| 11:23 | Queue | Villager (Male) |
| 11:30 | Build | Palisade Wall |
| 11:30 | Build | Palisade Wall |
| 11:33 | Build | Palisade Wall |
| 11:35 | Build | Palisade Wall |
| 11:37 | Build | Palisade Wall |
| 11:37 | Build | Palisade Wall |
| 11:45 | Queue | Villager (Male) |
| 11:46 | Queue | Archer |
| 11:54 | Build | Palisade Wall |
| 12:04 | Build | Palisade Wall |
| 12:04 | Build | Palisade Wall |
| 12:12 | Queue | Archer |
| 12:13 | Queue | Villager (Male) |
| 12:35 | Queue | Villager (Male) |
| 12:38 | Build | Farm |
| 13:04 | Queue | Villager (Male) |
| 13:08 | Build | Watch Tower |
| 13:17 | Queue | Archer |
| 13:27 | Build | Mining Camp |
| 13:29 | Queue | Villager (Male) |
| 13:37 | Queue | Archer |
| 14:24 | Queue | Villager (Male) |
| 14:28 | Build | Blacksmith |
| 14:34 | Build | Stone Wall |
| 14:34 | Build | Stone Wall |
| 14:58 | Queue | Villager (Male) |
| 15:19 | Queue | Villager (Male) |
| 15:21 | Build | Farm |
| 15:23 | Build | Farm |
| 15:25 | Build | Farm |
| 15:29 | Build | Farm |
| 15:33 | Build | Farm |
| 15:46 | Build | Palisade Wall |
| 15:50 | Research | Double-Bit Axe |
| 15:51 | Research | Double-Bit Axe |
| 15:51 | Queue | Villager (Male) |
| 15:54 | Build | Stone Wall |
| 15:57 | Build | Palisade Wall |
| 16:06 | Build | Watch Tower |
| 16:17 | Queue | Villager (Male) |
| 16:32 | Build | Lumber Camp |
| 16:35 | Queue | Villager (Male) |
| 16:52 | Build | Farm |
| 17:07 | Build | Palisade Wall |
| 17:11 | Build | Watch Tower |
| 17:14 | Build | Palisade Wall |
| 17:32 | Queue | Villager (Male) |
| 17:35 | Queue | Skirmisher |
| 17:45 | Queue | Villager (Male) |
| 17:51 | Build | Palisade Wall |
| 18:08 | Queue | Villager (Male) |
| 18:25 | Build | Archery Range |
| 18:33 | Queue | Villager (Male) |
| 18:40 | Research | Fletching |
| 18:40 | Research | Fletching |
| 18:52 | Queue | Skirmisher |
| 19:00 | Build | Farm |
| 19:27 | Queue | Villager (Male) |
| 19:52 | Queue | Archer |
| 19:53 | Queue | Archer |
| 19:59 | Queue | Villager (Male) |
| 21:16 | Queue | Villager (Male) |
| 21:23 | Build | Watch Tower |
| 21:56 | Queue | Villager (Male) |
| 22:12 | Queue | Villager (Male) |
| 22:19 | Queue | Archer |
| 22:21 | Queue | Archer |
| 22:36 | Queue | Villager (Male) |
| 22:44 | Queue | Archer |
| 22:44 | Queue | Archer |
| 22:47 | Build | Watch Tower |
| 22:57 | Build | Palisade Wall |
| 22:58 | Build | Palisade Wall |
| 23:01 | Queue | Archer |
| 23:04 | Queue | Villager (Male) |
| 23:10 | Build | Watch Tower |
| 23:14 | Build | Palisade Wall |
| 23:15 | Build | Palisade Wall |
| 23:19 | Build | Palisade Wall |
| 23:26 | Queue | Villager (Male) |
| 23:45 | Queue | Villager (Male) |
| 23:48 | Build | Farm |
| 24:08 | Queue | Villager (Male) |
Match timeline
| 6:07 | (***AlBy_Bkr***) · first_building Barracks |
| 7:01 | (***AlBy_Bkr***) · wall_segment Palisade Wall x1 |
| 7:34 | baoquanghuy1605 · first_building Barracks |
| 8:26 | (***AlBy_Bkr***) · wall_segment Palisade Wall x1 |
| 8:56 | baoquanghuy1605 · wall_segment Palisade Wall x1 |
| 9:06 | baoquanghuy1605 · age_up feudal |
| 9:31 | baoquanghuy1605 · first_building Archery Range |
| 9:40 | (***AlBy_Bkr***) · age_up feudal |
| 9:55 | baoquanghuy1605 · wall_segment Palisade Wall x1 |
| 10:01 | baoquanghuy1605 · wall_segment Palisade Wall x1 |
| 11:15 | baoquanghuy1605 · wall_segment Palisade Wall x1 |
| 11:19 | baoquanghuy1605 · wall_segment Palisade Wall x1 |
| 11:21 | baoquanghuy1605 · wall_segment Palisade Wall x1 |
| 11:30 | baoquanghuy1605 · wall_segment Palisade Wall x2 |
| 11:30 | baoquanghuy1605 · wall_segment Palisade Wall x1 |
| 11:33 | baoquanghuy1605 · wall_segment Palisade Wall x3 |
| 11:35 | baoquanghuy1605 · wall_segment Palisade Wall x1 |
| 11:37 | baoquanghuy1605 · wall_segment Palisade Wall x3 |
| 11:37 | baoquanghuy1605 · wall_segment Palisade Wall x1 |
| 11:54 | baoquanghuy1605 · wall_segment Palisade Wall x1 |
| 11:59 | (***AlBy_Bkr***) · first_building Archery Range |
| 12:04 | baoquanghuy1605 · wall_segment Palisade Wall x6 |
| 12:04 | baoquanghuy1605 · wall_segment Palisade Wall x1 |
| 12:14 | (***AlBy_Bkr***) · wall_segment Palisade Wall x5 |
| 12:43 | (***AlBy_Bkr***) · wall_segment Palisade Wall x10 |
| 13:09 | (***AlBy_Bkr***) · wall_segment Palisade Wall x6 |
| 14:33 | (***AlBy_Bkr***) · wall_segment Palisade Wall x10 |
| 14:34 | baoquanghuy1605 · wall_segment Stone Wall x5 |
| 14:34 | baoquanghuy1605 · wall_segment Stone Wall x1 |
| 15:46 | baoquanghuy1605 · wall_segment Palisade Wall x1 |
| 15:54 | baoquanghuy1605 · wall_segment Stone Wall x1 |
| 15:57 | baoquanghuy1605 · wall_segment Palisade Wall x1 |
| 16:35 | (***AlBy_Bkr***) · wall_segment Palisade Wall x8 |
| 16:46 | (***AlBy_Bkr***) · wall_segment Palisade Wall x3 |
| 17:07 | baoquanghuy1605 · wall_segment Palisade Wall x1 |
| 17:14 | baoquanghuy1605 · wall_segment Palisade Wall x1 |
| 17:45 | (***AlBy_Bkr***) · wall_segment Palisade Wall x6 |
| 17:51 | baoquanghuy1605 · wall_segment Palisade Wall x1 |
| 21:33 | (***AlBy_Bkr***) · first_market_buy 100 stone |
| 22:17 | (***AlBy_Bkr***) · first_building Stable |
| 22:57 | baoquanghuy1605 · wall_segment Palisade Wall x1 |
| 22:58 | baoquanghuy1605 · wall_segment Palisade Wall x1 |
| 23:14 | baoquanghuy1605 · wall_segment Palisade Wall x1 |
| 23:15 | baoquanghuy1605 · wall_segment Palisade Wall x1 |
| 23:19 | baoquanghuy1605 · wall_segment Palisade Wall x1 |
| 23:20 | (***AlBy_Bkr***) · age_up castle |
| 23:22 | (***AlBy_Bkr***) · first_building Krepost |
| 24:02 | (***AlBy_Bkr***) · wall_segment Stone Wall x1 |
| 24:02 | (***AlBy_Bkr***) · wall_segment Stone Wall x1 |
| 24:36 | baoquanghuy1605 · resign |
[ AI ANALYSIS · 1 CREDIT ]
What really happened in this match?
Wolo.gg analyzes every decision: build order, eco, micro, common mistakes by bracket. Personalized analysis on WhatsApp or Discord in 30 seconds.
Civ guide
Bulgarians
Perfil
(***AlBy_Bkr***)